[Event "Team 45 45 League T63"]
[Site "Internet Chess Club"]
[Date "2014.12.22"]
[Round "4"]
[White "Zugzwanged"]
[Black "gyu123987kool"]
[Result "1-0"]
[WhiteElo "1692"]
[BlackElo "1647"]
[Opening "Scotch: Schmidt variation"]
[ECO "C45"]
[Time "15:30:59"]
[TimeControl "2700+45"]

1. e4 e5 2. Nf3 Nc6 3. d4 exd4 4. Nxd4 Nf6 5. Nc3 Bb4 6. Nxc6 bxc6 7. Bd3 O-O 8.
O-O h6 9. Qf3 Re8 10. Bf4 d6 11. h3 Bb7 12. a3 Bc5 13. Rae1 Bd4 14. Ne2 Be5 15.
Ng3 c5 16. Bb5 Re7 17. Nf5 Re6 18. Bc4 Re8 19. Bxe5 Rxe5 20. Re3 Rxe4 21. Rxe4
Bxe4 22. Qf4 Bxc2 23. Bxf7+ Kxf7 24. Qc4+ d5 25. Qxc2 Qd7 26. Nh4 c4 27. Qg6+
Kg8 28. Nf5 Kh8 29. Nxh6 gxh6 30. Qxf6+ Qg7 31. Qe6 Rd8 32. Re1 Rd7 33. Re3 Rd6
34. Qc8+ Kh7 35. Qf5+ Rg6 36. Rg3 c6 37. Rxg6 Qxg6 38. Qd7+ Qg7 39. Qxc6 Qf7 40.
Qc5 Qd7 41. Qd4 Kg6 42. f4 h5 43. Kf2 Qf5 44. Kf3 a6 45. g4 hxg4+ 46. hxg4 Qd7
47. f5+ Kf7 48. Kf4 Qd6+ 49. Qe5 {Black resigns} 1-0

[Event "Team 45 45 League T63"]
[Site "Internet Chess Club"]
[Date "2014.12.18"]
[Round "4"]
[White "rl154"]
[Black "pokerram"]
[Result "1/2-1/2"]
[WhiteElo "1589"]
[BlackElo "1625"]
[Opening "Sicilian: Kan variation"]
[ECO "B41"]
[Time "20:02:15"]
[TimeControl "2700+45"]

1. e4 c5 2. Nf3 e6 3. d4 cxd4 4. Nxd4 a6 5. Be2 Nf6 6. Nc3 Qc7 7. Be3 Bb4 8. O-O
Bxc3 9. bxc3 Nxe4 10. Qd3 Nxc3 11. Bd2 Nxe2+ 12. Nxe2 Nc6 13. Bf4 e5 14. Qe4 O-O
15. Bg3 d6 16. Qd3 Be6 17. f4 exf4 18. Bxf4 Ne5 19. Qg3 Kh8 20. Nd4 Rad8 21. Kh1
Qe7 22. Bxe5 dxe5 23. Qxe5 Qd7 24. Nxe6 Qxe6 25. Qxe6 fxe6 26. Rxf8+ Rxf8 27.
Rb1 Rf7 28. c4 g6 29. g3 Kg7 30. Kg2 Rd7 31. Rb2 Kf7 32. Kf3 Kf6 33. g4 g5 34.
h3 e5 35. Rb6+ Ke7 36. Ke4 Rc7 37. Kxe5 Rc5+ 38. Kd4 Rc7 39. Rh6 Kf8 40. Rh5 Rg7
41. Rh6 Rd7+ 42. Ke5 Kg7 43. Rd6 Rc7 44. Kd5 a5 45. c5 a4 46. c6 bxc6+ 47. Rxc6
Re7 48. Ra6 Re3 49. Rxa4 Rxh3 50. Rd4 Ra3 51. Rd2 Kg6 {Game drawn by mutual
agreement} 1/2-1/2

[Event "Team 45 45 League T63"]
[Site "Internet Chess Club"]
[Date "2014.12.19"]
[Round "4"]
[White "ToniMostarda"]
[Black "chessnow"]
[Result "1-0"]
[WhiteElo "1705"]
[BlackElo "1717"]
[Opening "Ruy Lopez"]
[ECO "C70"]
[Time "17:55:54"]
[TimeControl "2700+45"]

1. e4 e5 2. Nf3 Nc6 3. Bb5 a6 4. Ba4 f6 5. O-O Bc5 6. c3 Nge7 7. d4 exd4 8. cxd4
Bb6 9. Nc3 Ba7 10. d5 Ne5 11. Nxe5 fxe5 12. Qh5+ g6 13. Qxe5 Rg8 14. Bg5 b5 15.
Bc2 d6 16. Qf4 Bd7 17. e5 Rf8 18. Qh4 dxe5 19. d6 cxd6 20. Nd5 Rf7 21. Bxe7 Rxe7
22. Nf6+ Kf8 23. Nxh7+ Kg7 24. Qf6+ Kxh7 25. Qxg6+ Kh8 26. Qh6+ Kg8 27. Bb3+ Be6
28. Bxe6+ Rxe6 29. Qxe6+ Kg7 30. Rad1 Bc5 31. Rd3 Qf8 32. Rg3+ Kh7 33. Qg6+ Kh8
34. Qh5+ Qh6 35. Qxh6# {Black checkmated} 1-0

[Event "Team 45 45 League T63"]
[Site "Internet Chess Club"]
[Date "2014.12.22"]
[Round "4"]
[White "flyingpawns"]
[Black "AVEMARIA"]
[Result "1/2-1/2"]
[WhiteElo "1817"]
[BlackElo "1650"]
[Opening "QGD Slav: 4.e3"]
[ECO "D11"]
[Time "17:00:50"]
[TimeControl "2700+45"]

1. d4 d5 2. c4 c6 3. Nf3 Nf6 4. e3 Bg4 5. Qc2 e6 6. Nc3 Nbd7 7. Bd3 dxc4 8. Bxc4
Be7 9. e4 O-O 10. Be3 Bh5 11. Bd3 Bg6 12. O-O-O Qa5 13. Kb1 Rfd8 14. Rhg1 Rac8
15. Nd2 Qc7 16. g3 b5 17. f4 Ng4 18. Rde1 Nxe3 19. Rxe3 Bb4 20. f5 c5 21. Nxb5
Qb6 22. Re2 exf5 23. exf5 Bxf5 24. Bxf5 Qxb5 25. Bd3 Qb7 26. Bxh7+ Kf8 27. Be4
Qc7 28. d5 Nf6 29. Nc4 Nxe4 30. Qxe4 Re8 31. Qd3 Rxe2 32. Qxe2 Re8 33. Qd3 Qd7
34. Rd1 f6 35. a3 Be1 36. Qf1 Qb5 37. Qf4 Qb3 38. Rc1 Qd3+ 39. Ka1 Qxd5 40. Qd6+
Qxd6 41. Nxd6 Re5 42. Nc4 Re2 43. Ka2 Bf2 44. Kb3 Bd4 45. Rc2 Rxc2 46. Kxc2 Ke7
47. Kd3 Bg1 48. h3 Bh2 49. g4 Ke6 50. Ke4 Bc7 51. Ne3 g6 52. h4 Be5 53. b3 Bd4
54. h5 Bxe3 55. Kxe3 gxh5 56. gxh5 Kf5 57. Kd3 Kg5 58. Kc4 f5 59. Kxc5 Kxh5 60.
Kd4 Kg4 61. Ke3 Kg3 62. Ke2 Kg2 63. Ke3 Kg3 64. Ke2 f4 65. Kf1 f3 66. b4 Kf4 67.
a4 Ke5 68. Kf2 {Game drawn by mutual agreement} 1/2-1/2

[Event "Team 45 45 League T63"]
[Site "Internet Chess Club"]
[Date "2014.12.22"]
[Round "4"]
[White "nanning"]
[Black "tightfist"]
[Result "1-0"]
[WhiteElo "1600"]
[BlackElo "1539"]
[Opening "Catalan opening"]
[ECO "E00"]
[Time "13:21:26"]
[TimeControl "2700+45"]

1. d4 Nf6 2. c4 e6 3. g3 b6 4. Bg2 c6 5. Nf3 Bb7 6. O-O Be7 7. b3 O-O 8. Qc2 d5
9. Nbd2 Nbd7 10. Bb2 Rc8 11. Rad1 a5 12. Qb1 Ba6 13. Rfe1 Qc7 14. e4 dxe4 15.
Ng5 Bb7 16. Ndxe4 h6 17. Nxf6+ Nxf6 18. Ne4 Nxe4 19. Qxe4 Bf6 20. Bc1 Rfd8 21.
Qg4 Kf8 22. Bf4 Qd7 23. Be3 e5 24. Qxd7 Rxd7 25. Bh3 Rxd4 26. Bxd4 Re8 27. Bxb6
Ra8 28. Bc7 a4 29. Bxe5 Be7 30. Bxg7+ Kxg7 31. Rxe7 Ba6 32. Rdd7 axb3 33. Rxf7+
Kg8 34. axb3 Rb8 35. Ra7 Bc8 36. Bxc8 Rxc8 37. Rfc7 Rb8 38. Rab7 Rd8 39. Rxc6
{Black resigns} 1-0

[Event "Team 45 45 League T63"]
[Site "Internet Chess Club"]
[Date "2014.12.22"]
[Round "4"]
[White "whiskeytown"]
[Black "chessputin"]
[Result "1-0"]
[WhiteElo "1562"]
[BlackElo "1565"]
[Opening "Scandinavian (center counter) defense"]
[ECO "B01"]
[Time "12:02:21"]
[TimeControl "2700+45"]

1. e4 d5 2. exd5 e6 3. dxe6 Bxe6 4. d4 Bd6 5. Nf3 Nf6 6. Nc3 O-O 7. Bg5 Bg4 8.
Be2 Nc6 9. Ne4 Bxf3 10. Bxf3 Nxd4 11. Qxd4 Re8 12. O-O-O Qe7 13. Nxf6+ Kh8 14.
Rhe1 Qxe1 15. Rxe1 Rxe1+ 16. Kd2 Re6 17. Bd5 Rd8 18. Nh5 Be5 19. Bxd8 Bxd4 20.
Bxe6 fxe6 21. Bxc7 Bxb2 22. Nf4 e5 23. Nd3 Bd4 24. Bxe5 Bxe5 25. Nxe5 g6 26. Kd3
Kg7 27. Kd4 Kf6 28. c4 b6 29. a4 Ke6 30. Nc6 a6 31. Nb8 a5 32. Nc6 Kd6 33. Ne5
g5 34. Nf7+ Ke7 35. Nxg5 h5 36. h4 Kd6 37. f4 Ke7 38. Kd5 Kd7 39. f5 Kc7 40. f6
Kd7 41. f7 Ke7 42. Kc6 b5 43. cxb5 Kf8 44. b6 Kg7 45. b7 Kg6 46. b8=Q Kg7 47.
f8=Q+ Kg6 48. Qbd6# {Black checkmated} 1-0

[Event "Team 45 45 League T63"]
[Site "Internet Chess Club"]
[Date "2014.12.21"]
[Round "4"]
[White "spongenotbob"]
[Black "SaltofLife"]
[Result "1-0"]
[WhiteElo "1955"]
[BlackElo "1974"]
[Opening "Modern defense: Averbakh system"]
[ECO "B06"]
[Time "15:30:29"]
[TimeControl "2700+45"]

1. e4 g6 2. d4 d6 3. c4 Bg7 4. Nc3 a6 5. h3 c6 6. Nf3 Nd7 7. Bg5 Qc7 8. Bd3 Ngf6
9. Qd2 O-O 10. Bc2 b5 11. cxb5 axb5 12. O-O Ba6 13. Rfe1 Nb6 14. Bd3 b4 15. Ne2
Rfb8 16. Bxa6 Rxa6 17. Bxf6 Bxf6 18. Qxb4 c5 19. Qb5 Rba8 20. a3 Na4 21. b3 Nb2
22. Nf4 Bxd4 23. Nd5 Qa7 24. Nxd4 cxd4 25. Rab1 Rb8 26. Qe2 Rxa3 27. Rxb2 Raxb3
28. Rxb3 Rxb3 29. Qc4 Ra3 30. Rd1 Ra1 31. Rxa1 Qxa1+ 32. Kh2 e6 33. Nb4 Qc3 34.
Qxc3 dxc3 35. Kg3 f5 36. Kf3 d5 37. exd5 exd5 38. Ke3 {Black resigns} 1-0

[Event "Team 45 45 League T63"]
[Site "Internet Chess Club"]
[Date "2014.12.23"]
[Round "4"]
[White "parrot9"]
[Black "Chess-Boy"]
[Result "0-1"]
[WhiteElo "1645"]
[BlackElo "1659"]
[Opening "Scotch game"]
[ECO "C45"]
[Time "14:35:18"]
[TimeControl "2700+45"]

1. e4 e5 2. Nf3 Nc6 3. d4 exd4 4. Nxd4 Bc5 5. Be3 Qf6 6. c3 Nge7 7. Bc4 d6 8.
O-O O-O 9. Qd2 h6 10. Nb5 Ne5 11. Be2 c6 12. f4 cxb5 13. fxe5 Qxe5 14. Na3 a6
15. Bd3 Bxe3+ 16. Qxe3 Qc5 17. Qf2 Be6 18. Nc2 Nc6 19. Nd4 Ne5 20. Bc2 b4 21.
Qd2 bxc3 22. bxc3 Rac8 23. Rab1 b5 24. Bb3 Bxb3 25. Rxb3 d5 26. Qf4 dxe4 27.
Qxe4 Nc4 28. Qd3 Na5 29. Rf5 Qc4 30. Qxc4 Nxc4 31. Nf3 Rfd8 32. a4 bxa4 33. Rb4
a3 34. Rf4 a2 {White resigns} 0-1

[Event "Team 45 45 League T63"]
[Site "Internet Chess Club"]
[Date "2014.12.22"]
[Round "4"]
[White "CaptK"]
[Black "Invicta-Knight"]
[Result "1-0"]
[WhiteElo "1737"]
[BlackElo "1519"]
[Opening "King's Indian: London system"]
[ECO "A48"]
[Time "13:01:33"]
[TimeControl "2700+45"]

1. d4 Nf6 2. Nf3 g6 3. Bf4 Bg7 4. e3 O-O 5. Be2 b6 6. c4 Bb7 7. O-O Nc6 8. d5
Nb4 9. Nc3 c6 10. e4 cxd5 11. cxd5 Nh5 12. Bg5 d6 13. Nd4 Qc7 14. Ndb5 Qd7 15.
Bg4 Qd8 16. Bxh5 gxh5 17. Qxh5 Ba6 18. Rfd1 Bxb5 19. Nxb5 Bxb2 20. Rab1 {Black
resigns} 1-0

[Event "Team 45 45 League T63"]
[Site "Internet Chess Club"]
[Date "2014.12.19"]
[Round "4"]
[White "Visin"]
[Black "Lachesis"]
[Result "0-1"]
[WhiteElo "1246"]
[BlackElo "1517"]
[Opening "Caro-Kann: Steinitz variation"]
[ECO "B17"]
[Time "10:01:15"]
[TimeControl "2700+45"]

1. e4 c6 2. d4 d5 3. Nc3 dxe4 4. Nxe4 Nd7 5. Nf3 Ngf6 6. Bd3 Nxe4 7. Bxe4 Nf6 8.
Bd3 Bg4 9. Be3 e6 10. h3 Bh5 11. g4 Bg6 12. Qd2 Qd5 13. Qe2 Bxd3 14. cxd3 Bd6
15. b3 Bb4+ 16. Bd2 Bxd2+ 17. Kxd2 O-O 18. g5 Qa5+ 19. Kd1 Nd5 20. Qc2 Nf4 21.
Ne5 Qd5 22. Kd2 Qxd4 23. Raf1 Qxe5 {White resigns} 0-1

[Event "Team 45 45 League T63"]
[Site "Internet Chess Club"]
[Date "2014.12.20"]
[Round "4"]
[White "fishhead"]
[Black "nidusin2"]
[Result "1-0"]
[WhiteElo "1760"]
[BlackElo "1584"]
[Opening "Ruy Lopez: closed, Flohr-Zaitsev system (Lenzerheide variation)"]
[ECO "C92"]
[Time "20:01:26"]
[TimeControl "2700+45"]

1. e4 e5 2. Nf3 Nc6 3. Bb5 Nf6 4. O-O a6 5. Ba4 d6 6. Re1 Be7 7. c3 O-O 8. h3 b5
9. Bb3 Bb7 10. d4 Rc8 11. Nbd2 Na5 12. Bc2 exd4 13. cxd4 Nd7 14. Nf1 Nc4 15. b3
Ncb6 16. Ng3 Re8 17. Qd3 g6 18. Bh6 c5 19. d5 Bf6 20. Rad1 Ne5 21. Nxe5 Bxe5 22.
f4 Bd4+ 23. Kh2 Rc7 24. Ne2 Bf2 25. Rf1 Bh4 26. Qf3 Bf6 27. g4 Rce7 28. Ng3 Nd7
29. g5 Bd4 30. h4 Bh8 31. h5 Qc8 32. f5 Ne5 33. Qf4 Qc7 34. f6 Rd7 35. Rd2 Bc8
36. Bd1 Rdd8 37. hxg6 fxg6 38. Rdf2 Kf7 39. Be2 Qd7 40. Kg1 Ng4 41. Bxg4 Qxg4
42. Qxg4 Bxg4 43. Rf4 Bc8 44. Rh4 Re5 45. Kf2 Rde8 46. Kf3 Bd7 47. Kf4 b4 48.
Rfh1 Bb5 49. Bg7 Bxg7 50. Rxh7 Rg8 51. Re1 c4 52. Nh1 c3 53. Nf2 Ree8 54. Ng4
Kf8 55. fxg7+ Rxg7 56. Rh8+ Rg8 57. Rxg8+ Kxg8 58. Nf6+ Kf7 59. Nxe8 Kxe8 60. e5
dxe5+ 61. Kxe5 Kd7 62. d6 Bd3 63. Kd4 Bf5 64. Kc5 a5 65. Re7+ Kd8 66. Rc7 Bb1
67. Kb5 Bxa2 68. Kxa5 Bxb3 69. Kxb4 Be6 70. Kxc3 Bf5 71. Kd4 Be6 72. Ke5 Bf5 73.
Kf6 Bd3 74. Rg7 Be4 75. Rxg6 Bxg6 76. Kxg6 Kd7 77. Kf7 {Black resigns} 1-0

[Event "Team 45 45 League T63"]
[Site "Internet Chess Club"]
[Date "2014.12.21"]
[Round "4"]
[White "Skeptic1972"]
[Black "no2"]
[Result "1-0"]
[WhiteElo "1619"]
[BlackElo "1663"]
[Opening "Ruy Lopez: Archangelsk (counterthrust) variation"]
[ECO "C78"]
[Time "13:00:03"]
[TimeControl "2700+45"]

1. e4 e5 2. Nf3 Nc6 3. Bb5 a6 4. Ba4 Nf6 5. O-O b5 6. Bb3 Bb7 7. c3 d6 8. Re1
Be7 9. d4 O-O 10. Bg5 h6 11. Bh4 Nd7 12. Bg3 Bf6 13. d5 Ne7 14. Nbd2 Ng6 15. a4
Nc5 16. axb5 axb5 17. Bc2 Qe7 18. Qe2 Ba6 19. b4 Nd7 20. Bd3 Nf4 21. Bxf4 exf4
22. Nd4 Ne5 23. Bxb5 Bxb5 24. Qxb5 Ng4 25. Nc6 Qd7 26. Qd3 Ne5 27. Nxe5 Bxe5 28.
Nc4 Bf6 29. Na5 Be5 30. Nc6 Bf6 31. f3 g5 32. Rec1 Kg7 33. Ra6 Rg8 34. Rca1 Rxa6
35. Rxa6 Kh8 36. c4 h5 37. b5 g4 38. Nd4 h4 39. Nf5 Qe8 40. fxg4 Rxg4 41. Qf3
Qg8 42. Nh6 Bd4+ 43. Kf1 {Black resigns} 1-0

[Event "Team 45 45 League T63"]
[Site "Internet Chess Club"]
[Date "2014.12.18"]
[Round "4"]
[White "lilith"]
[Black "Insan996"]
[Result "0-1"]
[WhiteElo "1471"]
[BlackElo "1547"]
[Opening "Queen's Indian: Miles variation"]
[ECO "E12"]
[Time "19:05:06"]
[TimeControl "2700+45"]

1. d4 Nf6 2. c4 e6 3. Nf3 b6 4. Bf4 Bb7 5. e3 Bb4+ 6. Nbd2 O-O 7. a3 Bxf3 8.
Qxf3 Bxd2+ 9. Kxd2 Nc6 10. Bg5 Ne4+ 11. Qxe4 Qxg5 12. Bd3 f5 13. Qf3 Nxd4 14.
Qd1 Nc6 15. g3 e5 16. f4 Qf6 17. b4 exf4 18. gxf4 Rfe8 19. Rg1 Rad8 20. Qc2 d5
21. Bxf5 dxc4+ 22. Ke2 Nd4+ {White resigns} 0-1

[Event "Team 45 45 League T63"]
[Site "Internet Chess Club"]
[Date "2014.12.20"]
[Round "4"]
[White "Ajolote"]
[Black "arconia"]
[Result "1-0"]
[WhiteElo "1706"]
[BlackElo "1310"]
[Opening "Sicilian defense"]
[ECO "B30"]
[Time "15:00:25"]
[TimeControl "2700+45"]

1. e4 c5 2. Nf3 Nc6 3. Bc4 e6 4. Qe2 Be7 5. O-O a6 6. a4 h6 7. Nc3 Nf6 8. e5 Nh7
9. d3 O-O 10. Be3 f6 11. Ne4 fxe5 12. Nxc5 d5 13. Ba2 b6 14. Nb3 Bb7 15. Bd2 Ng5
16. Bxg5 Bxg5 17. Nxe5 Nxe5 18. Qxe5 Qd7 19. Qe2 Rae8 20. Nd2 Qc6 21. Nf3 d4 22.
Qe4 Qxe4 23. dxe4 Bxe4 24. Nxd4 Rf6 25. Rfe1 Bb7 26. Nxe6 Kh7 27. Nxg5+ {Black
resigns} 1-0

[Event "Team 45 45 League T63"]
[Site "Internet Chess Club"]
[Date "2014.12.22"]
[Round "4"]
[White "smyslovVchess"]
[Black "tammany"]
[Result "1/2-1/2"]
[WhiteElo "1558"]
[BlackElo "1789"]
[Opening "Sicilian: Smith-Morra gambit"]
[ECO "B21"]
[Time "17:00:20"]
[TimeControl "2700+45"]

1. e4 c5 2. d4 cxd4 3. c3 dxc3 4. Nxc3 Nc6 5. Nf3 e6 6. Bc4 Nge7 7. O-O Ng6 8.
Qe2 Be7 9. Rd1 O-O 10. Be3 a6 11. Rac1 b5 12. Bb3 Bb7 13. Nd4 Nxd4 14. Bxd4 Bg5
15. Rc2 Rc8 16. g3 b4 17. Na4 Rxc2 18. Qxc2 Qc8 19. Qe2 Qc6 20. Nc5 a5 21. Ba4
Qc7 22. Nxb7 Qxb7 23. Bc5 Rd8 24. f4 Be7 25. Bf2 d6 26. h4 Nf8 27. Bb3 Nd7 28.
f5 Nc5 29. fxe6 Nxe6 30. Bd5 Qc7 31. Be3 Nc5 32. b3 Bf6 33. Rf1 Qe7 34. Bg5 Bxg5
35. Rxf7 Qxf7 36. hxg5 Re8 37. Bxf7+ Kxf7 38. Qc4+ Kf8 39. Qf1+ Kg8 40. g6 hxg6
41. Qc4+ Kh7 42. Qd5 Nxe4 43. Kg2 Re5 44. Qc6 Nc3 45. Qxd6 Re2+ 46. Kf3 Rxa2 47.
g4 Rf2+ 48. Ke3 Re2+ 49. Kf4 Rf2+ 50. Ke3 Re2+ 51. Kf4 Rf2+ 52. Ke3 Re2+ {Game
drawn by repetition} 1/2-1/2

[Event "Team 45 45 League T63"]
[Site "Internet Chess Club"]
[Date "2014.12.22"]
[Round "4"]
[White "Constrictor"]
[Black "hudson"]
[Result "0-1"]
[WhiteElo "1648"]
[BlackElo "1635"]
[Opening "King's Indian, 3.Nf3"]
[ECO "E61"]
[Time "17:05:35"]
[TimeControl "2700+45"]

1. Nf3 Nf6 2. d4 g6 3. c4 Bg7 4. Nc3 O-O 5. Bg5 h6 6. Bh4 d6 7. e4 e5 8. dxe5
dxe5 9. Qxd8 Rxd8 10. Nxe5 g5 11. Bg3 Nh5 12. Nf3 Nxg3 13. hxg3 c6 14. Rc1 Na6
15. Rd1 Be6 16. Be2 Nc5 17. Nd2 Nd3+ 18. Bxd3 Rxd3 19. Ke2 Rad8 20. f3 Be5 21.
Ndb1 Rxd1 22. Rxd1 Bxc4+ 23. Kf2 Rxd1 24. Nxd1 Bxa2 25. Nbc3 Bd4+ 26. Kf1 Bc4+
27. Ke1 Kg7 28. Ne2 Bxe2 29. Kxe2 Kf6 30. Kd3 Be5 31. g4 Bf4 32. b3 Ke5 33. Nb2
b5 34. Nd1 Bc1 35. Nc3 Bb2 36. Ne2 a5 37. g3 a4 38. f4+ Ke6 39. bxa4 bxa4 40.
Kc2 a3 41. Kb3 c5 42. Nc3 Bxc3 43. Kxc3 c4 44. Kc2 Kd6 45. Kc3 Kc5 46. e5 Kd5
47. Kc2 Ke4 48. Kc3 gxf4 49. gxf4 Kxf4 {White resigns} 0-1

[Event "Team 45 45 League T63"]
[Site "Internet Chess Club"]
[Date "2014.12.20"]
[Round "4"]
[White "alexine"]
[Black "elessar"]
[Result "0-1"]
[WhiteElo "1513"]
[BlackElo "1615"]
[Opening "Sicilian defense"]
[ECO "B40"]
[Time "14:37:48"]
[TimeControl "2700+45"]

1. e4 c5 2. Nf3 e6 3. c3 d5 4. e5 d4 5. cxd4 cxd4 6. Qa4+ Nc6 7. Bb5 Bd7 8. O-O
Bc5 9. a3 a6 10. Bxc6 Bxc6 11. Qc4 Bb5 12. Qxc5 Rc8 {White resigns} 0-1

[Event "Team 45 45 League T63"]
[Site "Internet Chess Club"]
[Date "2014.12.21"]
[Round "4"]
[White "Hal2001"]
[Black "BrianWood"]
[Result "1-0"]
[WhiteElo "1569"]
[BlackElo "1468"]
[Opening "Sicilian: Grand Prix attack"]
[ECO "B23"]
[Time "14:00:21"]
[TimeControl "2700+45"]

1. e4 c5 2. Nc3 Nc6 3. f4 g6 4. Nf3 Bg7 5. Bb5 Nd4 6. O-O Nxb5 7. Nxb5 d5 8.
exd5 a6 9. Nc3 Nf6 10. d4 Nxd5 11. dxc5 Nxc3 12. Qxd8+ Kxd8 13. bxc3 Bxc3 14.
Rb1 Kc7 15. Rb3 Bg7 16. Rb6 Be6 17. a3 Bc4 18. Re1 Bf1 19. Kxf1 {Black resigns}
1-0

[Event "Team 45 45 League T63"]
[Site "Internet Chess Club"]
[Date "2014.12.22"]
[Round "4"]
[White "Geeloo"]
[Black "CuatroPrincesas"]
[Result "1/2-1/2"]
[WhiteElo "1954"]
[BlackElo "2166"]
[Opening "Sicilian"]
[ECO "B50"]
[Time "16:00:17"]
[TimeControl "2700+45"]

1. e4 c5 2. Nf3 d6 3. c3 Nf6 4. Be2 Nbd7 5. Qc2 g6 6. d4 Bg7 7. O-O O-O 8. Bf4
b6 9. Nbd2 Bb7 10. Bd3 a6 11. a4 cxd4 12. cxd4 Rc8 13. Qd1 Re8 14. Qe2 e5 15.
dxe5 dxe5 {Game drawn by mutual agreement} 1/2-1/2

[Event "Team 45 45 League T63"]
[Site "Internet Chess Club"]
[Date "2014.12.20"]
[Round "4"]
[White "SlimeDog2"]
[Black "TerryMalloy"]
[Result "1/2-1/2"]
[WhiteElo "2036"]
[BlackElo "1792"]
[Opening "QGA: classical, 6...a6"]
[ECO "D27"]
[Time "21:19:36"]
[TimeControl "2700+45"]

1. d4 Nf6 2. Nf3 d5 3. c4 dxc4 4. e3 e6 5. Bxc4 c5 6. O-O a6 7. Bb3 Nc6 8. Nc3
Be7 9. d5 exd5 10. Nxd5 Bf5 11. Nxe7 Qxd1 12. Rxd1 Kxe7 13. Bd2 Ne4 14. Rac1
Rhd8 15. Bc2 Nxd2 16. Bxf5 Nxf3+ 17. gxf3 Rxd1+ 18. Rxd1 Rd8 19. Rxd8 Nxd8 20.
Kf1 Kf6 21. Bc8 Kg5 22. Ke2 h5 23. Kd3 Kh4 24. a4 b5 25. a5 Nc6 26. Ke4 Nxa5 27.
Bxa6 Nc4 28. Kd5 Nxb2 29. Bxb5 c4 30. Kd4 Kh3 31. Be8 Kxh2 32. Bxf7 h4 33. e4
Nd3 34. Bxc4 Nf4 35. e5 Kg1 36. e6 Ng6 37. Bd3 Ne7 38. f4 h3 39. Ke5 h2 40. Be4
h1=Q 41. Bxh1 Kxh1 42. f5 Kg2 43. f6 gxf6+ 44. Kxf6 Nc6 45. f4 Kf3 46. Kg5 Ke4
47. f5 Ke5 48. e7 Nxe7 49. f6 Ke6 50. Kh4 Kxf6 {Game drawn because neither
player has mating material} 1/2-1/2

[Event "Team 45 45 League T63"]
[Site "Internet Chess Club"]
[Date "2014.12.21"]
[Round "4"]
[White "fledermaus"]
[Black "Goli"]
[Result "1/2-1/2"]
[WhiteElo "1842"]
[BlackElo "1878"]
[Opening "King's Indian: 6.Be2"]
[ECO "E91"]
[Time "16:01:39"]
[TimeControl "2700+45"]

1. Nf3 Nf6 2. c4 g6 3. Nc3 Bg7 4. e4 d6 5. d4 O-O 6. Be2 Bg4 7. Be3 Nc6 8. d5
Bxf3 9. Bxf3 Ne5 10. Be2 c6 11. O-O cxd5 12. cxd5 a6 13. Rc1 b5 14. b3 Rc8 15.
f3 h6 16. Qd2 Kh7 17. a3 Ng8 18. Na2 Nd7 19. Nb4 Nc5 20. Qa2 Qd7 21. Rc2 f5 22.
Rfc1 fxe4 23. fxe4 Nxe4 24. Rxc8 Rxc8 25. Rxc8 Qxc8 26. Bd3 Nc5 27. Qc2 e6 28.
Bxg6+ Kh8 29. Nd3 exd5 30. Nxc5 dxc5 {Game drawn by mutual agreement} 1/2-1/2

[Event "Team 45 45 League T63"]
[Site "Internet Chess Club"]
[Date "2014.12.22"]
[Round "4"]
[White "jt2000"]
[Black "SaltofLife"]
[Result "1-0"]
[WhiteElo "2075"]
[BlackElo "1962"]
[Opening "Giuoco Piano: LaBourdonnais variation"]
[ECO "C53"]
[Time "15:33:56"]
[TimeControl "2700+45"]

1. e4 e5 2. Nf3 Nc6 3. Bc4 Bc5 4. c3 d6 5. d4 exd4 6. cxd4 Bb6 7. d5 Ne5 8. Nxe5
dxe5 9. Nc3 Nf6 10. Qe2 a6 11. Be3 Bxe3 12. Qxe3 O-O 13. O-O Qe7 14. a3 Ne8 15.
f4 Nd6 16. Bd3 Bd7 17. f5 f6 18. Rac1 Rfc8 19. Rfd1 Bb5 20. Bxb5 Nxb5 21. Nxb5
axb5 22. Qd3 b4 23. Qb3 bxa3 24. d6+ Qf7 25. Qxb7 Rab8 26. Rxc7 Qf8 27. Rxc8
Qxc8 28. Qxc8+ Rxc8 29. d7 Rd8 30. bxa3 Kf7 31. Kf2 Ke7 32. Ke3 Rxd7 33. Rxd7+
Kxd7 34. Kd3 Kd6 35. Kc4 Kc6 36. a4 Kb6 37. Kb4 Ka6 38. a5 Ka7 39. Kb5 Kb7 40.
a6+ Ka7 41. Ka5 Ka8 42. Kb6 Kb8 43. Kc6 Ka7 44. Kd7 Kxa6 45. Ke6 Kb5 46. Kf7 Kc4
47. Kxg7 Kd4 48. Kxf6 Kxe4 49. Ke6 Kd4 50. f6 e4 51. f7 e3 52. f8=Q e2 53. Qf2+
Kd3 54. Qe1 {Black resigns} 1-0

[Event "Team 45 45 League T63"]
[Site "Internet Chess Club"]
[Date "2014.12.20"]
[Round "4"]
[White "Logic"]
[Black "DeepGreen"]
[Result "1-0"]
[WhiteElo "1995"]
[BlackElo "2009"]
[Opening "Sicilian: closed"]
[ECO "B23"]
[Time "14:18:00"]
[TimeControl "2700+45"]

1. e4 c5 2. Nc3 g6 3. f4 Bg7 4. Nf3 e6 5. e5 d6 6. Ne4 dxe5 7. fxe5 Nc6 8. Bb5
Ne7 9. Nxc5 O-O 10. Bxc6 Nxc6 11. d4 Nxe5 12. Nxe5 Bxe5 13. dxe5 Qa5+ 14. c3
Qxc5 15. Qe2 b6 16. Bg5 Ba6 17. Qe4 f5 18. Qf4 Qb5 19. O-O-O Rac8 20. Rd4 Rf7
21. Rhd1 Bb7 22. Bh6 Bd5 23. h4 Rfc7 24. R1d3 a5 25. h5 Qe8 26. g4 Be4 27. Rg3
Rd7 28. Rd6 Rxd6 29. exd6 e5 30. Qg5 Kf7 31. gxf5 Bxf5 32. Rf3 Qe6 33. Rxf5+
gxf5 34. Qg7+ Ke8 35. d7+ Kd8 36. Bg5+ {Black resigns} 1-0

[Event "Team 45 45 League T63"]
[Site "Internet Chess Club"]
[Date "2014.12.20"]
[Round "4"]
[White "RobertStephen"]
[Black "spand42"]
[Result "1-0"]
[WhiteElo "2039"]
[BlackElo "1905"]
[Opening "Sicilian: Alapin's variation (2.c3)"]
[ECO "B22"]
[Time "16:02:09"]
[TimeControl "2700+45"]

1. e4 c5 2. c3 d5 3. exd5 Qxd5 4. d4 Nf6 5. Nf3 Bg4 6. Be2 cxd4 7. cxd4 e6 8.
Nc3 Qa5 9. h3 Bh5 10. Bd2 Qd8 11. Qb3 Nbd7 12. Qxb7 Rb8 13. Qxa7 Rxb2 14. Rb1
Rxb1+ 15. Nxb1 Be7 16. Ba5 Qb8 17. Qxb8+ Nxb8 18. Ne5 Bxe2 19. Kxe2 O-O 20. Rc1
Nd5 21. a4 f6 22. Nd3 Bd8 23. Bxd8 Rxd8 24. Nd2 Na6 25. Rc6 Nb8 26. Rc2 Na6 27.
Ne4 Ne7 28. Nec5 Nf5 29. Nxa6 Nxd4+ 30. Kd1 Nxc2 31. Kxc2 Ra8 32. Nac5 e5 33.
Kc3 Kf7 34. Kb4 Rb8+ 35. Kc4 Ra8 36. Nb4 Ke7 37. a5 Kd6 38. Nb7+ Kc7 39. a6 Kb6
40. Nc5 Rc8 41. Nd5+ Ka7 42. f3 f5 43. Nc3 g5 44. g4 fxg4 45. fxg4 h5 46. gxh5
Rh8 47. Nb5+ Kb6 48. a7 Rc8 49. Kb4 Re8 50. Nd7+ Kc6 51. Nxe5+ Kb6 52. Nc4+ Kc6
53. Nd4+ Kc7 54. Ne6+ Kc6 55. Ka5 Rh8 56. Nb6 {Black resigns} 1-0

[Event "Team 45 45 League T63"]
[Site "Internet Chess Club"]
[Date "2014.12.21"]
[Round "4"]
[White "chessfish1"]
[Black "jjimalo"]
[Result "1-0"]
[WhiteElo "1949"]
[BlackElo "1869"]
[Opening "Sicilian: Canal-Sokolsky attack, 3...Bd7"]
[ECO "B52"]
[Time "13:10:09"]
[TimeControl "2700+45"]

1. e4 c5 2. Nf3 d6 3. Bb5+ Bd7 4. Bxd7+ Qxd7 5. O-O Nf6 6. e5 dxe5 7. Nxe5 Qc7
8. Re1 e6 9. Nc3 a6 10. d4 cxd4 11. Qxd4 Be7 12. Bf4 Qc8 13. Rad1 O-O 14. Nc4
Nc6 15. Qb6 Nd7 16. Qe3 b5 17. Nd6 Bxd6 18. Bxd6 Rd8 19. Ne4 Nde5 20. b3 Ng6 21.
Qf3 Ra7 22. Rd2 Rad7 23. Red1 Nce7 24. Nc5 Ra7 25. Bxe7 Rxd2 26. Rxd2 Rxe7 27.
b4 Ne5 28. Qd1 Re8 29. a4 h6 30. Rd6 Nc6 31. c3 bxa4 32. Qxa4 Nb8 33. h3 Rd8 34.
Rxd8+ Qxd8 35. Nxa6 Nxa6 36. Qxa6 Qd1+ 37. Kh2 Qe1 38. Qc8+ Kh7 39. Qc5 e5 40.
b5 Qe4 41. Qb4 Qf5 42. b6 Qxf2 43. b7 {Black resigns} 1-0